 Dungeon Crawl Stone Soup version 0.23-a0-151-gf6d1ed2 (webtiles) character file.

65 Amnesiac the Magician (level 3, -2/24 HPs)
             Began as a Mummy Ice Elementalist on Sept 8, 2018.
             Slain by Grinder (8 damage)
             ... while paralysed by Grinder
             ... on level 2 of the Dungeon.
             The game lasted 00:01:34 (620 turns).

Amnesiac the Magician (Mummy Ice Elementalist)       Turns: 620, Time: 00:01:35

Health: -2/24      AC:  2    Str: 11    XL:     3   Next: 94%
Magic:  8/8        EV:  2    Int: 15    God:
Gold:   34         SH:  0    Dex: 12    Spells: 5/9 levels left

rFire    x . .     SeeInvis .   d - +0 long sword
rCold    + . .     Gourm    .   (no shield)
rNeg     + + +     Faith    .   a - +0 robe
rPois    ∞         Spirit   .   (no helmet)
rElec    .         Reflect  .   (no cloak)
rCorr    .         Harm     .   (no gloves)
MR       .....                  (no boots)
Stlth    +.........             (no amulet)
HPRegen  0.08/turn              (no ring)
MPRegen  0.11/turn              (no ring)

@: confused, paralysed
A: no food or potions, fire vulnerability, cold resistance 1, negative energy
resistance 3, torment resistance, unbreathing
a: no special abilities


You were on level 2 of the Dungeon.
You were not hungry.

You visited 1 branch of the dungeon, and saw 3 of its levels.

You collected 34 gold pieces.

Inventory:

Hand Weapons
 d - a +0 long sword (weapon)
Armour
 a - a +0 robe (worn)
Scrolls
 b - 2 scrolls of identify {!r}
 c - a scroll of enchant armour {!r}


   Skills:
 - Level 1.5 Dodging
 - Level 1.5 Stealth
 + Level 3.6 Spellcasting
   Level 0.7 Conjurations
 * Level 3.6 Ice Magic


You had 5 spell levels left.
You knew the following spells:

 Your Spells              Type           Power        Failure   Level  Hunger
a - Freeze                Ice            ##..         4%          1    N/A
z - Ozocubu's Armour      Chrm/Ice       #.......     26%         3    N/A

Your spell library contained the following spells:

 Spells                   Type           Power        Failure   Level  Hunger
 Throw Frost              Conj/Ice       #.....       12%         2    N/A
 Throw Icicle             Conj/Ice       #.......     58%         4    N/A
 Summon Ice Beast         Ice/Summ       #.......     65%         4    N/A

Dungeon Overview and Level Annotations

Branches:
Dungeon (3/15)

Altars:

Annotations:
D:2 Grinder, Sigmund


Innate Abilities, Weirdness & Mutations

You do not eat or drink.
Your flesh is vulnerable to fire.
You are immune to poison.
Your flesh is cold resistant. (rC+)
You are immune to negative energy. (rN+++)
You are immune to unholy pain and torment.
You can survive without breathing.


Message History

Confirm with . or Enter, or press ? or * to list all spells.
You can't see any susceptible monsters within range! (Use Z to cast anyway.)
b - 3 scrolls labeled POLUNU QACE {!r} (gained 1)
You now have 28 gold pieces (gained 17).
Grinder comes into view.
Grinder shouts!
You see here 6 gold pieces.
You now have 34 gold pieces (gained 6).
Grinder gestures at you.
You suddenly lose the ability to move!
Grinder gestures at you. You resist with significant effort.
You can move again.
Unknown command.
Unknown command.
Unknown command.
Really read
b - 3 scrolls labeled POLUNU QACE {!r}?
As you read the scroll labeled POLUNU QACE {!r}, it crumbles to dust.
It is a scroll of identify.
c - a scroll of enchant armour {!r} Grinder hits you.
Grinder gestures at you.
You suddenly lose the ability to move!
Grinder gestures at you.
You shrug off the repeated paralysis!
Grinder blinks!
You can move again.
Unknown command.
Unknown command.
Unknown command.
Found a viscous purple potion.
You see here a mace.
You open the door.
Found a scroll of identify.
An adder comes into view.
Grinder gestures at you.
You suddenly lose the ability to move!
The adder hisses angrily.
A ball python comes into view.
You can move again.
There is an open door here.
A rat comes into view.
You hear the slow rusting of a drain nearby.
Found a garnet ring.
There is a stone staircase leading up here.
Grinder says, "There's only one good use for a tongue: cutting it out."
Grinder misses you.
You climb upwards.
Level annotation: Sigmund Sigmund points at you and mumbles some strange words.
You resist with some effort.
You hear an angry hiss.
There is a stone staircase leading down here.
Grinder gestures at you.
You suddenly lose the ability to move!
Grinder hits you!
* * * LOW HITPOINT WARNING * * *
Grinder hits you.
* * * LOW HITPOINT WARNING * * *
Grinder completely misses you. Sigmund casts a spell at you.
You are confused.
Grinder hits you!
You die...

###.# #..## ...# #..###
######.######.#.. .##
##...........#....
..##.............##..
....................
#@.....(.<......#..
#>..............#..
.#####5@†...............
#............<........#..
########.............###.
##.....#.....## #.
############# ##


You could see Grinder and Sigmund.

Vanquished Creatures
  5 adders (D:2)
  A leopard gecko (D:3)
  3 goblins
  A hobgoblin (D:2)
  3 jackals (D:2)
  A kobold (D:2)
  3 bats (D:2)
  A frilled lizard (D:1)
  2 rats (D:2)
20 creatures vanquished.

Notes
Turn   | Place    | Note
-------+----------+-------------------------------------------
     0 | D:1      | Amnesiac the Mummy Ice Elementalist began the quest for the
                  | Orb.
     0 | D:1      | Reached XP level 1. HP: 13/13 MP: 4/4
   173 | D:2      | Reached XP level 2. HP: 19/19 MP: 0/5
   315 | D:2      | Reached XP level 3. HP: 16/24 MP: 2/7
   320 | D:2      | Learned a level 3 spell: Ozocubu's Armour
   550 | D:2      | Noticed Sigmund
   574 | D:3      | Noticed Grinder
   581 | D:3      | Paralysed by Grinder for 3 turns
   590 | D:3      | Paralysed by Grinder for 4 turns
   597 | D:3      | Paralysed by Grinder for 5 turns
   616 | D:2      | Paralysed by Grinder for 6 turns
   620 | D:2      | Slain by Grinder

Vault maps used:
D:1:      minmay_arrival_widening_spiral_wide, wad_floor_pattern_2,
          glass_columns_b
D:2:      nicolae_overflow_crystal_walls, st_stairs_11,
          nicolae_dithmenos_through_a_glass_darkly, uniq_natasha, uniq_sigmund,
          uniq_crazy_yiuf_cottage
D:3:      portal_sewer_entry_f, uniq_grinder

Skill      XL: |  1  2 |
---------------+-------+-----
Ice Magic      | 3 |  3.6
Spellcasting   | 3 |  3.6
Dodging        | |  1.5
Stealth        | |  1.5
Conjurations   | |  0.7

Action                   || total
-------------------------++-------
Melee: Long sword        ||     3
 Cast: Freeze            ||    35
  Use: Scroll            ||     1
Armor: Robe              ||     8
Dodge: Dodged            ||    38
       Rpst.: Long sword ||     4

Table legend:
 A = Non-vault XP
 B = Vault XP
 C = Vault XP percentage of total XP
 D = Non-vault monster count
 E = Vault monster count
 F = Vault count percentage of total count
                 A         B        C        D         E       F
            +---------+---------+-------+---------+---------+-------
      Total |      94 |       0 |   0.0 |      20 |       0 |   0.0
            +---------+---------+-------+---------+---------+-------
        D:1 |       3 |       0 |   0.0 |       2 |       0 |   0.0
        D:2 |      86 |       0 |   0.0 |      16 |       0 |   0.0
        D:3 |       5 |       0 |   0.0 |       2 |       0 |   0.0
            +---------+---------+-------+---------+---------+-------
